 Dungeon Crawl Stone Soup version 0.18-a0-1292-ge8ad84c (webtiles) character file.

5508 HEYYEYAAE the Geomancer (level 11, -4/86 HPs)
             Began as a Human Earth Elementalist on Feb 9, 2016.
             Was a Follower of Fedhas.
             Slain by a vampire mosquito (8 damage)
             ... on level 10 of the Dungeon.
             The game lasted 00:35:37 (11176 turns).

HEYYEYAAE the Geomancer (Human Earth Elementalist) Turns: 11176, Time: 00:35:37

Health: -4/86      AC: 15    Str: 10    XL:     11   Next: 1%
Magic:  18/18      EV: 23    Int: 19    God:    Fedhas [*.....]
Gold:   599        SH:  0    Dex: 18    Spells: 3 memorised, 12 levels left

rFire  + . .     SeeInvis .     N - +1 quarterstaff (protect)
rCold  . . .     Gourm    .     C - +1 ring mail of the Furies {rF+ rN++ Regen+ Str-4}
rNeg   + + .     Faith    .     (shield currently unavailable)
rPois  +         Spirit   .     L - +2 hat
rElec  .         Dismiss  .     B - +0 cloak {+Inv}
rCorr  .         Reflect  .     (no gloves)
SustAt .         Harm     .     (no boots)
MR     .....                    (no amulet)
Stlth  +++.......               E - +4 ring of evasion
                                r - ring of poison resistance

@: mighty, agile, very slightly contaminated, not resistant to hostile
enchantments, fairly stealthy
A: no striking features
a: Evolution, Renounce Religion, Evoke Invisibility


You were on level 10 of the Dungeon.
You worshipped Fedhas.
Fedhas was aware of your devotion.
You were hungry.

You visited 2 branches of the dungeon, and saw 11 of its levels.

You collected 599 gold pieces.

Inventory:

Hand Weapons
 j - a +1 whip of electrocution
 q - a +2 dagger of venom
 N - a +1 quarterstaff of protection (weapon)
Missiles
 u - 2 throwing nets
 y - 163 stones (quivered)
Armour
 w - the +2 leather armour of Dugomm {Str+6 Stlth-, unknown}
   (You found it on level 9 of the Dungeon)

   It affects your strength (+6).
   It makes you less stealthy.
 B - a +0 cloak of invisibility (worn)
 C - the +1 ring mail of the Furies (worn) {rF+ rN++ Regen+ Str-4}
   (You found it on level 6 of the Dungeon)

   It affects your strength (-4).
   It protects you from fire.
   It greatly protects you from negative energy.
   It increases your rate of regeneration.
 L - a +2 hat (worn)
Jewellery
 l - a +4 ring of dexterity {unknown}
 m - an uncursed ring of ice
 r - a ring of poison resistance (left hand)
 E - a +4 ring of evasion (right hand)
 P - a +2 ring of strength {unknown}
Wands
 b - a wand of teleportation (0/9)
 e - a wand of lightning (0/15)
 h - a wand of paralysis (0/24)
 A - a wand of iceblast (0/15)
Scrolls
 f - a scroll of amnesia
 g - 2 scrolls of enchant armour
 o - 2 scrolls of remove curse
 s - a scroll of magic mapping
 H - a scroll of fog
Potions
 a - a potion of might
 k - a potion of flight
 v - 2 potions of agility
Books
 c - a book of Geomancy

   Spells                             Type                      Level
   a - Sandblast                      Earth                        1
   b - Passwall                       Transmutation/Earth          2
   c - Stone Arrow                    Conjuration/Earth            3
   d - Petrify                        Transmutation/Earth          4
   e - Lee's Rapid Deconstruction     Earth                        5
 i - a book of Ice

   Spells                             Type                      Level
   a - Ice Form                       Ice/Transmutation            4
   b - Metabolic Englaciation         Hexes/Ice                    5
   c - Ozocubu's Refrigeration        Ice                          6
   d - Bolt of Cold                   Conjuration/Ice              6
   e - Freezing Cloud                 Conjuration/Ice/Air          6
   f - Simulacrum                     Ice/Necromancy               6
 p - a book of Clouds

   Spells                             Type                      Level
   a - Mephitic Cloud                 Conjuration/Poison/Air       3
   b - Conjure Flame                  Conjuration/Fire             3
   c - Poisonous Cloud                Conjuration/Poison/Air       6
   d - Freezing Cloud                 Conjuration/Ice/Air          6
   e - Ring of Flames                 Charms/Fire                  7
Comestibles
 d - 2 bread rations
 n - 5 meat rations
 G - 4 fruits


   Skills:
 * Level 7.8 Fighting
 + Level 5.6 Armour
 + Level 5.8 Dodging
 - Level 2.0 Stealth
 + Level 5.2 Spellcasting
 - Level 1.0 Transmutations
 * Level 8.7 Earth Magic
 + Level 4.8 Evocations


You had 12 spell levels left.
You knew the following spells:

 Your Spells              Type           Power        Failure   Level  Hunger
a - Sandblast             Erth           #####.       1%          1    None
b - Stone Arrow           Conj/Erth      ###...       17%         3    ##.....
c - Petrify               Trmt/Erth      ###.....     38%         4    ####...


Dungeon Overview and Level Annotations

Branches:
Dungeon (10/15)            Temple (1/1) D:5            Lair (0/8) D:8
    Orc: D:9-12

Altars:
Dithmenos
Fedhas
Gozag
Kikubaaqudgha
Makhleb
Okawaru
Pakellas
Qazlal
Ru
Trog
Vehumet
Xom
Yredelemnul
The Shining One

Annotations:
D:3 Borgoz's ghost, amateur HOAK
D:8 Prince Ribbit


Message History

Okay, then.
Wield which item (- for none, * to show all)? (? for menu, Esc to quit)
Your +2 dagger of venom stops dripping with poison.
You feel protected!
N - a +1 quarterstaff of protection (weapon)
The vampire mosquito misses you.
The vampire mosquito completely misses you.
The vampire mosquito bites you but does no damage.
Unknown command.
Put on which piece of jewellery? (? for menu, Esc to quit)
Okay, then.
Read which item? (? for menu, Esc to quit)
Okay, then.
Casting: Stone Arrow
Confirm with . or Enter, or press ? or * to list all spells.
Okay, then.
Okay, then.
You fail to use your ability.
The vampire mosquito bites you!
You die...
Fedhas appreciates your contribution to the ecosystem.

#######
#.....#
#.#.#.#
#<.y..#
#.#y#####
#.y@y...#
#######.#


You could see 4 vampire mosquitoes.

Vanquished Creatures
  A two-headed ogre (D:9)
  A wyvern (D:8)
  2 hungry ghosts
  2 hippogriffs
  2 wargs
  Duvessa (D:5)
  4 sky beasts
  6 orc warriors
  An ice beast (D:8)
  6 ogres
  A black bear (D:7)
  2 centaurs
  3 giant frogs
  A gnoll sergeant (D:8)
  Dowan (D:5)
  5 scorpions
  5 wights (D:9)
  10 killer bees
  A crimson imp (D:8)
  2 giant frog zombies
  2 wasp zombies
  3 jellies
  5 orc priests
  A centaur skeleton (D:6)
  4 hounds
  3 giant frog skeletons
  Jessica (D:2)
  2 iguanas (D:8)
  5 orc wizards
  6 worker ants
  A hound zombie (D:6)
  A hound skeleton (D:4)
  4 gnolls (D:8)
  11 adders
  A shadow imp (D:8)
  A giant eyeball (D:9)
  An ooze (D:5)
  3 adder skeletons
  A worm (D:2)
  5 giant geckos
  29 orcs
  10 bats
  4 giant cockroaches
  11 goblins
  4 hobgoblins
  16 jackals
  9 quokkas
  A ball python (D:2)
  A giant gecko skeleton (D:7)
  7 giant newts
  A jackal skeleton (D:5)
  8 kobolds
  2 quokka skeletons
  5 rats
226 creatures vanquished.

Vanquished Creatures (collateral kills)
  An orc wizard (D:8)
  An orc priest (D:8)
  An orc (D:8)
3 creatures vanquished.

Vanquished Creatures (others)
  A plant (D:8)
  29 toadstools
30 creatures vanquished.

Grand Total: 259 creatures vanquished

Notes
Turn   | Place    | Note
--------------------------------------------------------------
     0 | D:1      | HEYYEYAAE the Human Earth Elementalist began the quest for the Orb.
     0 | D:1      | Reached XP level 1. HP: 13/13 MP: 3/3
   402 | D:1      | Reached XP level 2. HP: 15/20 MP: 1/5
   547 | D:1      | Reached skill level 1 in Armour
   633 | D:1      | Reached skill level 1 in Fighting
   646 | D:1      | Reached XP level 3. HP: 19/26 MP: 6/6
  1172 | D:2      | Found a sacrificial altar of Ru.
  1365 | D:3      | Noticed Borgoz's ghost (amateur HOAK)
  1726 | D:2      | Reached XP level 4. HP: 27/32 MP: 5/7
  2370 | D:2      | Noticed Jessica
  2375 | D:2      | Killed Jessica
  2375 | D:2      | Reached XP level 5. HP: 32/38 MP: 6/8
  2738 | D:2      | Reached skill level 4 in Earth Magic
  3201 | D:4      | Reached XP level 6. HP: 20/46 MP: 4/9
  3653 | D:4      | Learned a level 3 spell: Stone Arrow
  3861 | D:5      | Entered Level 5 of the Dungeon
  4073 | D:5      | Found a staircase to the Ecumenical Temple.
  4083 | D:5      | Noticed Duvessa
  4086 | D:5      | Noticed Dowan
  4116 | D:5      | Noticed an ogre
  4116 | D:5      | Killed Duvessa
  4116 | D:5      | Reached XP level 7. HP: 18/52 MP: 11/11
  4378 | D:5      | Reached skill level 1 in Evocations
  4806 | D:5      | Killed Dowan
  4806 | D:5      | Reached skill level 5 in Earth Magic
  5110 | D:5      | Found an opulent altar of Gozag.
  5500 | Temple   | Entered the Ecumenical Temple
  5554 | D:6      | Found an ancient bone altar of Kikubaaqudgha.
  5602 | D:6      | Got a warped ring mail
  5623 | D:6      | Identified the cursed +1 ring mail of the Furies {rF+ rN++ Regen+ Str-4} (You found it on level 6 of the Dungeon)
  5637 | D:6      | Found a glowing golden altar of the Shining One.
  5652 | D:6      | Reached XP level 8. HP: 44/60 MP: 12/12
  6087 | D:6      | Reached skill level 6 in Earth Magic
  6113 | D:6      | Reached skill level 5 in Fighting
  6424 | D:6      | Found a blossoming altar of Fedhas.
  6425 | D:6      | Found a burning altar of Makhleb.
  6434 | D:6      | Became a worshipper of Fedhas Madash
  6493 | D:7      | Reached XP level 9. HP: 62/68 MP: 14/14
  6639 | D:7      | Found an oddly glowing altar of Pakellas.
  6860 | D:7      | Found a stormy altar of Qazlal.
  6982 | D:7      | Learned a level 4 spell: Petrify
  7642 | D:7      | Reached skill level 7 in Earth Magic
  8135 | D:8      | Noticed Prince Ribbit
  8507 | D:8      | Reached skill level 5 in Dodging
  8507 | D:8      | Reached XP level 10. HP: 54/77 MP: 16/16
  9200 | D:8      | Reached skill level 5 in Armour
  9526 | D:7      | Reached skill level 8 in Earth Magic
  9960 | D:8      | Reached * piety under Fedhas
 10130 | D:8      | Found a staircase to the Lair.
 10315 | D:8      | Reached skill level 5 in Spellcasting
 10417 | D:9      | Paralysed by a giant eyeball for 3 turns
 10421 | D:9      | Paralysed by a giant eyeball for 2 turns
 11109 | D:9      | Got a transparent leather armour
 11114 | D:9      | Reached XP level 11. HP: 86/86 MP: 5/18
 11135 | D:9      | Noticed a centaur warrior
 11165 | D:10     | Entered Level 10 of the Dungeon
 11174 | D:10     | HP: 3/86 [vampire mosquito (4)]
 11176 | D:10     | Slain by a vampire mosquito

Vault maps used:
D:1:      wheals_arrival_shading
D:2:      kennysheep_six_static_rooms, nicolae_ru_awakened_eye, uniq_jessica
D:3:      tgw_sif, first_bread, grunt_decor_mini_mirrors
D:4:      minmay_overflow_temple_hex
D:5:      minmay_temple_entry_grid, serial_bayou_ford_a,
          nicolae_gozag_cash_rules_everything_around_me, uniq_duvessa
D:6:      kiku_gazebo_garden_becter, minitemple, basic_altar
D:7:      nicolae_qazlal_style_of_elements, basic_altar
D:8:      erik_lair_orcish_takeover, uniq_prince_ribbit1
D:9:      onia_ninara_cookie
D:10:     wad_guarded_room, uniq_erica
Temple:   nicolae_temple_no_exploring_needed

Action                   |  1- 3 |  4- 6 |  7- 9 | 10-12 || total
-------------------------+-------+-------+-------+-------++-------
Melee: Unarmed           |    13 |       |       |       ||    13
       Short sword       |    14 |       |       |       ||    14
       Whip              |    90 |    97 |    38 |     7 ||   232
       Dagger            |       |       |   481 |   353 ||   834
       Quarterstaff      |       |       |    22 |    40 ||    62
 Cast: Sandblast         |    10 |    51 |     3 |     1 ||    65
       Stone Arrow       |       |       |       |    14 ||    14
 Abil: Evoke Invisibilit |       |       |       |     1 ||     1
Evoke: Wand              |       |     2 |    12 |     5 ||    19
  Use: Potion            |     1 |     1 |     4 |     5 ||    11
       Scroll            |       |     7 |    11 |     8 ||    26
 Stab: Sleeping          |     2 |     2 |       |     1 ||     5
       Distracted        |       |       |     1 |     1 ||     2
       Invisible         |       |       |     4 |       ||     4
  Eat: Chunk             |     3 |     6 |     8 |     5 ||    22
       Pizza             |       |     1 |       |       ||     1
       Beef jerky        |       |       |     1 |     2 ||     3
       Bread ration      |       |       |     1 |     1 ||     2
       Fruit             |       |       |     1 |     1 ||     2
       Royal jelly       |       |       |       |     1 ||     1
